AoeStats
← CATOZ

Arena

514610133Analyzed
1v1 RM · 2d ago on Oct 18, 2026· 46m 47s· 2 players
Game mode
Random Map
Map size
Tiny (2 player)
Population
200
Speed
Normal
Resources
Standard
Victory
Conquest
Starting age
Dark Age
Ending age
Imperial Age
RankedLock teamsTeams togetherTeam positionsShared explorationLock speedFull tech treeHidden civsTurbo modeCheats
Victory
Defeat
🇺🇸 Franks · United States
691
+16
vs
🇵🇪 Portuguese · Peru
699
-16
Honka5053
11:55 Feudal Age
12:33 Double-Bit Axe
16:58 Castle Age
17:58 Bow Saw
21:35 Stone Mining
31:52 Imperial Age
33:10 Husbandry
33:23 Gold Mining
35:47 Cavalier
38:43 Paladin
CATOZ
13:10 Feudal Age
17:12 Castle Age
19:33 Pikeman
24:56 Town Watch
31:32 Imperial Age
29:04 Town Patrol
29:34 Masonry
29:35 Horse Collar
31:36 Heavy Plow
31:22 Double-Bit Axe
31:29 Stone Mining
32:42 Conscription
33:40 Loom
34:55 Forging
34:45 Scale Mail Armor
34:32 Capped Ram
35:13 Elite Organ Gun
36:59 Wheelbarrow
38:20 Hand Cart
39:25 Iron Casting
39:06 Chain Mail Armor
38:28 Halberdier
38:54 Arson
41:07 Architecture
42:00 Chemistry
42:27 Blast Furnace
41:58 Plate Mail Armor
43:08 Bow Saw
43:30 Crop Rotation
Connection lost

Rejoining the realm…

Still unreachable

The connection could not be restored.

Session expired

The server has moved on; the page needs a fresh start.